Unix NetHack Version 3.7.0-102 Work-in-progress - last build Apr 6 2024 13:22:21 (d302a6a9ff6341f1a922d8f5af178406b35fdf99,branch:master). Game began 2024-04-30 11:17:10, ended 2024-04-30 11:31:31. farfar, lawful male human Samurai ---------- ####|........| ------- # |.<......| ---------------- |.....| # ##.........| |..............| |.....-###0###|......... ..(............| |.....| # #|........| # |..............| |.....| # ---.------ ###........@......| --.---- # ### # --------------.- % ## # ##### # # # # #### # # # # ## ## # # # # # #### # # ### # ---.--## ## # -|---- |.....# --|-------- ## |...+| |..(.| |.........| # 0##.....| |....-######|>.........### |..... ------ #----------- -|---- Farfar the Ronin St:14 Dx:18 Co:18 In:10 Wi:9 Ch:6 Lawful S:427 Dlvl:4 $:57 HP:0(33) Pw:9(9) AC:4 Xp:3/40 T:1002 Blind Latest messages: Perhaps that's why you cannot move it. You hear a monster behind the boulder. Perhaps that's why you cannot move it. What do you want to throw? [$cdh or ?*] In what direction? The ya misses. What do you want to throw? [$cdh or ?*] In what direction? It yelps! The ya hits it. You hear a monster behind the boulder. Perhaps that's why you cannot move it. You miss the giant bat. You miss the giant bat. The giant bat bites! The giant bat bites! You hit the giant bat. You miss the giant bat. The giant bat bites! The giant bat bites! You miss the giant bat. You miss the giant bat. The giant bat bites! The giant bat misses! You hit the giant bat. You miss the giant bat. The giant bat bites! You hit the giant bat! You miss the giant bat. You miss the giant bat. You miss the giant bat. The giant bat bites! The giant bat misses! You miss the giant bat. You miss the giant bat. The giant bat misses! The giant bat bites! The giant bat bites! You miss the giant bat. You miss the giant bat. The giant bat misses! You miss the giant bat. You miss the giant bat. The giant bat bites! What do you want to drink? [fjms or ?*] A cloud of darkness falls upon you. It bites! You die... Do you want your possessions identified? [ynq] (y) Do you want to see your attributes? [ynq] (y) Inventory: Coins $ - 57 gold pieces Weapons d - 39 +0 ya (in quiver) c - a +0 yumi h - 9 +0 shuriken a - a +0 katana (wielded in right hand) b - a +0 wakizashi (wielded in left hand) Armor i - a cursed -1 orcish helm (being worn) e - an uncursed rustproof +0 splint mail (being worn) Comestibles r - an uncursed apple p - an uncursed cram ration n - 2 uncursed gunyoki t - an uncursed egg l - an uncursed lichen corpse Scrolls g - a blessed scroll of enchant armor u - a cursed scroll of identify k - an uncursed scroll of scare monster Potions s - an uncursed potion of confusion m - an uncursed potion of fruit juice f - an uncursed potion of healing Rings q - an uncursed ring of warning Tools o - an uncursed bugle Farfar the Samurai's attributes: Background: You were a Ronin, a level 3 male human Samurai. You were lawful, nominally on a mission for Amaterasu Omikami who was opposed by Raijin (neutral) and Susanowo (chaotic). You were right-handed. You were in the Dungeons of Doom, on level 4. You entered the dungeon 1002 turns ago. You had 40 experience points, 40 more were needed to attain level 4. Your score was 427 before end-of-game adjustments. Basics: You had 0 out of 33 hit points. You had all 9 energy points (spell power). Your armor class was 4. Your wallet contained 57 zorkmids. Autopickup was off. Final Characteristics: Your strength was 14 (limit:18/100). Your dexterity was 18 (limit:18). Your constitution was 18 (limit:18). Your intelligence was 10 (limit:18). Your wisdom was 9 (limit:18). Your charisma was 6 (limit:18). Final Status: You were temporarily blind. You weren't hungry. You were unencumbered. You were wielding two weapons at once. Your skill in long sword was limited by being unskilled with two weapons. Your skill in short sword was also limited by being unskilled with two weapons. Final Attributes: You were devoutly aligned. You were warded. You were fast. You are dead. Miscellaneous: You never encountered a bones level. Total elapsed playing time was 14 minutes and 19 seconds. Major events: Turn 1: farfar the lawful male human Samurai entered the dungeon 596: entered the Gnomish Mines 848: attained the rank of Ronin (level 3) 1002: killed by a giant bat Vanquished creatures: a shrieker an orc zombie a yellow mold a gecko a jackal a fox a goblin a sewer rat 2 grid bugs 4 lichens 3 newts 17 creatures vanquished. No species were genocided or became extinct. Voluntary challenges: You were an atheist. You read items or engraved 2 times. You never engraved Elbereth. You never genocided any monsters. You never polymorphed an object. You never changed form. You used no wishes. Achievements: You entered the Gnomish Mines. You attained the rank of Ronin. The Dungeons of Doom: levels 1 to 5 Level 1: Level 2: Level 3: A fountain, a sink. Stairs down to The Gnomish Mines. Level 4: <- You were here. Final resting place for you, killed by a giant bat. Level 5: The Gnomish Mines: Level 4: Game over: ---------- / \ / REST \ / IN \ / PEACE \ / \ | farfar | | 57 Au | | killed by a | | giant bat | | | | | | 2024 | *| * * * | * _________)/\\_//(\/(/\)/\//\/|_)_______ Sayonara farfar the Samurai... You died in The Dungeons of Doom on dungeon level 4 with 422 points, and 57 pieces of gold, after 1002 moves. You were level 3 with a maximum of 33 hit points when you died.